 Dungeon Crawl Stone Soup version 0.18-a0-1027-g814d7dd (webtiles) character file.

107 tof the Shield-Bearer (level 5, -5/42 HPs)
             Began as a Formicid Fighter on Jan 8, 2016.
             Was an Initiate of Ru.
             Slain by tof's ghost (12 damage)
             ... on level 3 of the Dungeon.
             The game lasted 00:03:59 (2485 turns).

tof the Shield-Bearer (Formicid Fighter)            Turns: 2485, Time: 00:03:59

Health: -5/42      AC:  9    Str: 20    XL:     5   Next: 10%
Magic:  5/5        EV:  8    Int:  8    God:    Ru [......]
Gold:   119        SH:  9    Dex: 11    Spells: 0 memorised, 4 levels left

rFire  . . .     SeeInvis +     w - +3 quarterstaff (chaos)
rCold  . . .     Gourm    .     b - +0 scale mail
rNeg   . . .     Faith    .     c - +0 shield
rPois  +         Spirit   .     (helmet unavailable)
rElec  .         Dismiss  .     v - +1 cloak {rPois}
rCorr  .         Reflect  .     (no gloves)
SustAt .         Harm     .     (no boots)
MR     .....                    (no amulet)
Stlth  ..........               (no ring)
                                (no ring)

@: drained, not resistant to hostile enchantments, extremely unstealthy
A: permanent stasis, dig shafts and tunnels, four strong arms, antennae 3
a: Dig, Shaft Self, Renounce Religion


You were on level 3 of the Dungeon.
You worshipped Ru.
Ru was noncommittal.
You were not hungry.

You visited 1 branch of the dungeon, and saw 3 of its levels.

You collected 119 gold pieces.

Inventory:

Hand Weapons
 a - a +0 war axe
 w - a +3 quarterstaff of chaos (weapon)
Armour
 b - a +0 scale mail (worn)
 c - a +0 shield (worn)
 v - a +1 cloak of poison resistance (worn)
Jewellery
 h - an uncursed amulet of faith {unknown}
Wands
 r - a wand of enslavement (11/24)
Scrolls
 e - 2 scrolls of amnesia {unknown}
 i - 2 scrolls of identify {unknown}
 n - a scroll of enchant weapon {unknown}
 o - 2 scrolls of random uselessness {unknown}
 s - a scroll of recharging {unknown}
Potions
 d - a potion of might
 k - a potion of mutation {unknown}
 l - a potion of heal wounds {unknown}
 m - a potion of lignification {unknown}
 q - 2 potions of curing {unknown}
Books
 p - a book of Transfigurations

   Spells                             Type                      Level
   a - Stoneskin                      Transmutation/Earth          2
   b - Irradiate                      Conjuration/Transmutation    5
   c - Statue Form                    Transmutation/Earth          6
   d - Hydra Form                     Transmutation                6
   e - Dragon Form                    Transmutation                7
Comestibles
 f - 3 bread rations
 g - a beef jerky
 j - a meat ration
 t - a slice of pizza
 u - 3 chunks of flesh


   Skills:
 + Level 3.7(3.6) Fighting
 + Level 2.5 Axes
 + Level 4.1 Armour
 + Level 0.6 Dodging
 + Level 0.3 Stealth
 + Level 4.9 Shields


You had 4 spell levels left.
You didn't know any spells.

Dungeon Overview and Level Annotations

Branches:
Dungeon (3/15)

Altars:
Ru

Annotations:
D:3 tof's ghost, novice FoFi


Innate Abilities, Weirdness & Mutations

You are under a permanent stasis effect.
You can dig through walls and to a lower floor.
Your four strong arms can wield two-handed weapons with a shield.
You have a pair of large antennae on your head (SInv).


Message History

You sock tof's ghost!
Tof's ghost is moderately damaged.
Tof's ghost hits you.
You closely miss tof's ghost.
Tof's ghost is moderately damaged.
Tof's ghost hits you but does no damage.
Tof's ghost shouts, "I have seen your future, and it is all used up."
Tof's ghost hits you!
You completely miss tof's ghost.
Tof's ghost is moderately damaged.
Tof's ghost hits you!
* * * LOW HITPOINT WARNING * * *
You barely miss tof's ghost.
Tof's ghost is moderately damaged.
Tof's ghost hits you but does no damage.
You sock tof's ghost! You burn tof's ghost.
Tof's ghost is severely damaged.
Tof's ghost says very slowly, "There's no hope."
Tof's ghost barely misses you. Tof's ghost hits you!
You die...

#########
##...#...##
..........##
...........##..
..........<....
.......@.......
#...(.W........
##.....?.......
###...........
.............
.##...........
. #...........
............


You could see tof's ghost.

Vanquished Creatures
  Crazy Yiuf (D:2)
  An adder (D:2)
  2 oozes (D:1)
  2 worms (D:2)
  2 giant geckos
  9 bats
  3 giant cockroaches
  5 goblins
  7 hobgoblins
  4 jackals (D:2)
  5 kobolds
  2 quokkas (D:2)
  2 ball pythons
  5 giant newts
  4 rats
  A fungus (D:2)
55 creatures vanquished.

Notes
Turn   | Place    | Note
--------------------------------------------------------------
     0 | D:1      | tof the Formicid Fighter began the quest for the Orb.
     0 | D:1      | Reached XP level 1. HP: 18/18 MP: 1/1
    85 | D:1      | Reached skill level 4 in Shields
    85 | D:1      | Reached XP level 2. HP: 22/24 MP: 2/2
   201 | D:1      | Reached XP level 3. HP: 22/29 MP: 3/3
   461 | D:2      | Reached XP level 4. HP: 30/35 MP: 4/4
   702 | D:2      | Found a sacrificial altar of Ru.
   965 | D:2      | Became a worshipper of Ru the Awakened
  1166 | D:2      | Noticed Crazy Yiuf
  1172 | D:2      | Killed Crazy Yiuf
  1320 | D:3      | Noticed tof's ghost (novice FoFi)
  1338 | D:2      | Reached XP level 5. HP: 5/42 MP: 5/5
  2184 | D:3      | HP: 2/42 [tof's ghost (13)]
  2485 | D:3      | Slain by tof's ghost

Vault maps used:
D:1:      dpeg_arrival_rooms_c
D:2:      overflow_temple_1_default, minivault_27, minmay_misc_feat_columns,
          minmay_ruptured, uniq_crazy_yiuf_cottage
D:3:      makhleb_grotto_becter

Action                   |  1- 3 |  4- 6 || total
-------------------------+-------+-------++-------
Melee: War axe           |    63 |    67 ||   130
       Quarterstaff      |       |    67 ||    67
  Eat: Chunk             |       |     5 ||     5
